AoeStats
← Simon Stokvis

Lombardia

507962770Analyzed
4v4 RM · 12d ago on Sep 20, 2026· 23m 51s· 8 players
Game mode
Random Map
Map size
Large (8 player)
Population
200
Speed
Normal
Resources
Standard
Victory
Conquest
Starting age
Dark Age
Ending age
Imperial Age
RankedLock teamsTeams togetherTeam positionsShared explorationLock speedFull tech treeHidden civsTurbo modeCheats
Victory
Defeat
1455
+16
🇩🇪 Wu · Germany
1426
+17
🇫🇷 Romans · France
1362
+20
🇱🇧 Huns · Lebanon
1352
+20
🇳🇱 Burmese · Netherlands
1513
-20
🇦🇷 Gurjaras · Argentina
1483
-20
🇲🇽 Vikings · Mexico
1455
-19
🇮🇳 Malay · India
1340
-14
Hecktelion
10:04 Feudal Age
12:26 Loom
12:42 Double-Bit Axe
12:54 Horse Collar
16:43 Castle Age
18:59 Wheelbarrow
18:56 Heavy Plow
19:09 Bow Saw
22:33 Gold Mining
24:02 Hand Cart
23:54 Gold Mining
Bizzy
7:05 Loom
9:12 Feudal Age
11:47 Fletching
12:16 Double-Bit Axe
15:45 Horse Collar
20:26 Castle Age
18:43 Gold Mining
20:37 Crossbowman
21:24 Bodkin Arrow
22:11 Padded Archer Armor
24:20 Ballistics
DetectiveYemitoShumafuk
4:38 Double-Bit Axe
10:30 Feudal Age
9:11 Loom
9:48 Horse Collar
16:37 Castle Age
15:27 Bow Saw
15:50 Heavy Plow
17:48 Wheelbarrow
18:57 Two-Man Saw
21:46 Crop Rotation
21:55 Stone Mining
22:54 Hand Cart
23:58 Stone Shaft Mining
23:13 Gold Mining
23:39 Gold Mining
__Assassin
10:00 Feudal Age
8:30 Loom
14:40 Castle Age
12:43 Double-Bit Axe
13:35 Gold Mining
14:13 Horse Collar
15:31 Wheelbarrow
16:04 Heavy Plow
17:09 Bow Saw
19:59 Bloodlines
20:24 Husbandry
22:52 Forging
24:12 Scale Barding Armor
Simon Stokvis
11:08 Feudal Age
13:04 Loom
15:48 Castle Age
22:10 Horse Collar
AZG021113
9:50 Feudal Age
14:13 Castle Age
13:59 Double-Bit Axe
20:06 Horse Collar
21:56 Forging
21:46 Scale Mail Armor
21:36 Loom
22:20 Heavy Plow
22:57 Gold Mining
22:32 Man-at-Arms
22:57 Gambesons
23:44 Long Swordsman
25:02 Iron Casting
24:43 Chain Mail Armor
adi.rathore
5:23 Loom
12:19 Feudal Age
16:32 Castle Age
14:58 Double-Bit Axe
15:02 Horse Collar
15:55 Scale Barding Armor
20:20 Husbandry
zzy846362
10:43 Feudal Age
15:08 Castle Age
13:08 Double-Bit Axe
14:21 Horse Collar
15:55 Gold Mining
18:09 Loom
20:10 Bow Saw
21:56 Heavy Plow
Connection lost

Rejoining the realm…

Still unreachable

The connection could not be restored.

Session expired

The server has moved on; the page needs a fresh start.